 Dungeon Crawl Stone Soup version 0.30.1-11-g7821555f0a (webtiles) character file.

Game seed: 1269849566019569046

15295 Peloso the Carver (level 12, -1/106 HPs)
             Began as a Minotaur Fighter on Dec 9, 2023.
             Was a High Priest of Okawaru.
             Asphyxiated
             ... on level 1 of the Lair of Beasts.
             The game lasted 00:18:28 (10595 turns).

Peloso the Carver (Minotaur Fighter)               Turns: 10595, Time: 00:18:28

Health: -1/106     AC: 20    Str: 22    XL:     12   Next: 0%
Magic:  20/20      EV:  9    Int:  7    God:    Okawaru [*****.]
Gold:   1012       SH: 12    Dex: 14    Spells: 11/11 levels left

rFire   + + .        a - +10 long sword "Beetlebane" {heavy, +Blink rElec Int+2}
rCold   + . .        d - +0 kite shield
rNeg    . . .        N - +1 plate armour {Will+}
rPois   .            (helmet restricted)
rElec   +            M - +2 cloak
rCorr   .            E - +2 pair of gloves "Couwox" {rF++ rC+ MP+9 Stlth-}
SInv    +            m - +0 pair of boots
Will    +....        (no amulet) Stlth
                     g - ring of see invisible
HPRegen 0.37/turn    (no ring)
MPRegen 0.17/turn

%: no passive effects
@: lethally poisoned (-1 -> -21), corroded, slowed, very slow
A: horns 2, retaliatory headbutt
a: Renounce Religion, Evoke Blink, Heroism, Finesse, Duel


You were on level 1 of the Lair of Beasts.
You worshipped Okawaru.
Okawaru was extremely pleased with you.
You visited 3 branches of the dungeon, and saw 14 of its levels.

You collected 1012 gold pieces.

Inventory:

Hand Weapons
 a - the +10 long sword "Beetlebane" (weapon) {heavy, +Blink rElec Int+2}
   (You found it on level 3 of the Dungeon)

   Int:       It affects your intelligence (+2).
   rElec:     It insulates you from electricity.
   +Blink:    It lets you blink.
 b - a +0 spear of flaming
 c - a +0 long sword
Missiles
 L - a throwing net (quivered)
Armour
 d - a +0 kite shield (worn)
 m - a +0 pair of boots (worn)
 x - a +4 scale mail of poison resistance
 E - the +2 pair of gloves "Couwox" (worn) {rF++ rC+ MP+9 Stlth-}
   (You found it on level 6 of the Dungeon)

   rF:        It greatly protects you from fire.
   rC:        It protects you from cold.
   MP:        It affects your magic capacity (+9).
   Stlth:     It makes you less stealthy.
 M - a +2 cloak (worn)
 N - a +1 plate armour of willpower (worn)
Jewellery
 g - a ring of see invisible (left hand)
 s - a ring of fire
Wands
 n - a wand of flame (54)
 u - a wand of digging (3)
 v - a wand of acid (13)
 w - a wand of paralysis (2)
 B - a wand of polymorph (21)
 C - a wand of mindburst (10)
 H - a wand of iceblast (8)
Scrolls
 e - 2 scrolls of enchant weapon {unknown}
 f - a scroll of acquirement
 i - a scroll of fear
 j - a scroll of torment {unknown}
 o - 2 scrolls of poison {unknown}
 y - 3 scrolls of immolation {unknown}
 A - a scroll of amnesia
 D - 5 scrolls of teleportation {unknown}
 F - 2 scrolls of brand weapon {unknown}
 G - a scroll of blinking {unknown}
 K - 5 scrolls of identify
 O - a scroll of vulnerability {unknown}
Potions
 h - a potion of might
 k - 2 potions of mutation
 l - 2 potions of flight {unknown}
 p - a potion of heal wounds {unknown}
 q - a potion of ambrosia
 r - 7 potions of curing
 t - 3 potions of brilliance
 z - 3 potions of berserk rage {unknown}
 J - 2 potions of degeneration {unknown}
Miscellaneous
 I - a tin of tremorstones (2/2)


   Skills:
 + Level 10.2 Fighting
 + Level 13.5 Long Blades
 + Level 10.6 Armour
 + Level 7.2 Dodging
 + Level 1.7 Stealth
 + Level 11.2 Shields
 + Level 0.2 Invocations
 + Level 0.5 Evocations


You had 11 spell levels left.
You didn't know any spells.
Your spell library contained the following spells:

 Spells                   Type           Power      Damage    Failure   Level
 Beastly Appendage        Tmut           0%         N/A       100%        1
 Freeze                   Ice            0%         1d3       100%        1
 Magic Dart               Conj           0%         1d3       100%        1
 Necrotise                Necr           0%         1d4       100%        1
 Sandblast                Erth           0%         2d4       100%        1
 Passwall                 Tmut/Erth      0%         N/A       100%        2
 Searing Ray              Conj           0%         2d4       100%        2
 Wereblood                Tmut           0%         N/A       100%        2
 Frozen Ramparts          Ice            0%         1d1       100%        3
 Hailstorm                Conj/Ice       0%         3d3       100%        3
 Spider Form              Tmut/Pois      0%         N/A       100%        3
 Stone Arrow              Conj/Erth      0%         3d7       100%        3
 Vampiric Draining        Necr           0%         2d6       100%        3
 Fulminant Prism          Conj/Hex       0%         3d5       100%        4
 Agony                    Necr           0%         N/A       100%        5


Dungeon Overview and Level Annotations

Branches:
Dungeon (12/15)            Temple (1/1) D:4            Lair (1/5) D:8
    Orc (0/2) D:10

Altars:
Ashenzari
Cheibriados
Dithmenos
Fedhas
Gozag
Hepliaklqana
Nemelex Xobeh
Okawaru
Qazlal
Ru
Sif Muna
Trog
Zin

Shops:
D:11 [(


Innate Abilities, Weirdness & Mutations

You have a pair of horns on your head.
You reflexively headbutt those who attack you in melee.


Message History

Amaemon is almost dead.
Amaemon points at the cane toad and mumbles some strange words.
The cane toad seems to grow toxic.
You block the water moccasin's attack. You block the orange demon's attack.
The cane toad stings you!
You are poisoned.
You have difficulty breathing.
You feel yourself slow down.
A cane toad comes into view.
The orange demon stings you but does no damage.
The water moccasin bites you but does no damage.
You block Amaemon's attack. Amaemon claws you but does no damage.
You block Amaemon's attack.
The cane toad croaks.
You slice Amaemon!!
You kill Amaemon!
Okawaru is honoured by your kill.
You feel very sick. You block the cane toad's attack.
The water moccasin bites you but does no damage.
The cane toad stings you!!
* * * LOW HITPOINT WARNING * * *
You are lethally poisoned!
You have difficulty breathing.
* * * LOW HITPOINT WARNING * * *
You feel as though you will be slow longer.
The orange demon stings you from afar.
* * * LOW HITPOINT WARNING * * *
The water moccasin bites you.
* * * LOW HITPOINT WARNING * * *
You have reached level 12!
You feel stronger.
You feel better.
A blink frog comes into view.
You block the cane toad's attack. You block the water moccasin's attack.
You block the orange demon's attack.
The blink frog blinks!
The cane toad closely misses you. You block the water moccasin's attack.
The orange demon stings you from afar.
* * * LOW HITPOINT WARNING * * *
You are lethally poisoned!
You have difficulty breathing.
You die...

####......####
.#.~~≈~~.....
#.≈~~≈~≈~....
#.~≈≈≈≈≈≈≈... #
#~~≈≈≈≈≈≈≈~.. ###.
#.≈~≈≈≈≈≈≈~.. #....
###..~~≈~~≈≈≈..
#....§##......<.~≈~..#
#....4)@.F..†.........
..#.#.FS#.#.#.......##
....F............#...
.F..F....#P...P......#
.#..........^.....####
...............##...
.......(........ ....
....#.........##. ...


You could see an orange demon (curare), 3 cane toads, 2 blink frogs and a water
moccasin.

Vanquished Creatures
  Josephine (D:12)
  2 two-headed ogres
  Amaemon (Lair:1)
  Lodul (D:10)
  2 cyclopes
  2 ugly things
  A manticore (D:11)
  A cane toad (Lair:1)
  Psyche (D:9)
  A komodo dragon (D:10)
  2 rime drakes
  A troll (D:12)
  A hornet (D:9)
  4 yaks (D:9)
  3 vampires
  4 wraiths
  3 wyverns
  A steam dragon (D:7)
  Grum (D:8)
  6 vampire mosquitoes
  An acid dragon (D:12)
  3 water moccasins
  6 orc warriors
  2 black bears (D:6)
  6 wolves (D:8)
  6 ice beasts
  6 centaurs
  7 ogres
  2 phantoms
  A kobold brigand (D:11)
  2 bullfrogs
  2 gnoll sergeants
  A scorpion (D:7)
  8 wights
  4 killer bees (D:9)
  2 electric eels (D:11)
  6 howler monkeys
  2 orc priests (D:9)
  3 hounds
  A jelly (D:7)
  A sleepcap (D:5)
  Terence (D:2)
  Ijyb (D:4)
  3 iguanas
  15 orc wizards
  Natasha (thrice) (D:2)
  6 adders
  11 gnolls
  2 white imps
  An ufetubus (D:5)
  8 dart slugs
  33 orcs
  10 endoplasms
  4 giant cockroaches
  10 goblins
  8 hobgoblins
  5 jackals (D:2)
  4 quokkas
  8 ball pythons
  4 bats
  5 frilled lizards
  13 kobolds
  5 rats
271 creatures vanquished.

Vanquished Creatures (others)
  A killer bee (D:9)
1 creature vanquished.

Grand Total: 272 creatures vanquished

Notes
Turn   | Place    | Note
-------+----------+-------------------------------------------
     0 | D:1      | Peloso the Minotaur Fighter began the quest for the Orb.
     0 | D:1      | Reached XP level 1. HP: 19/19 MP: 0/0
   215 | D:1      | Reached XP level 2. HP: 27/27 MP: 1/1
   589 | D:1      | Reached XP level 3. HP: 32/33 MP: 2/2
   668 | D:1      | Reached skill level 3 in Long Blades
   836 | D:2      | Noticed Terence
   843 | D:2      | Killed Terence
   887 | D:2      | Reached XP level 4. HP: 41/41 MP: 3/3
  1273 | D:2      | Reached skill level 4 in Long Blades
  1460 | D:2      | Noticed Natasha
  1472 | D:2      | Killed Natasha
  1793 | D:2      | Noticed Natasha
  1800 | D:2      | Killed Natasha
  1801 | D:2      | Reached XP level 5. HP: 45/47 MP: 4/4
  1928 | D:2      | Noticed Natasha
  1937 | D:2      | Killed Natasha
  1938 | D:2      | Reached skill level 1 in Dodging
  2252 | D:3      | Identified the +10 long sword "Beetlebane" {heavy, +Blink
                  | rElec Int+2}
  2480 | D:4      | Reached skill level 5 in Long Blades
  2752 | D:4      | Reached skill level 5 in Fighting
  2752 | D:4      | Reached XP level 6. HP: 52/56 MP: 5/5
  2813 | D:4      | Noticed Ijyb
  2816 | D:4      | Killed Ijyb
  2865 | D:4      | Found a staircase to the Ecumenical Temple.
  2988 | Temple   | Entered the Ecumenical Temple
  3010 | Temple   | Became a worshipper of Warmaster Okawaru
  3045 | D:5      | Entered Level 5 of the Dungeon
  3078 | D:5      | Reached skill level 5 in Armour
  3171 | D:5      | Reached skill level 6 in Long Blades
  3709 | D:5      | Reached XP level 7. HP: 59/61 MP: 6/6
  3982 | D:6      | Reached skill level 7 in Long Blades
  3982 | D:6      | Reached skill level 5 in Shields
  4002 | D:6      | Reached * piety under Okawaru
  4022 | D:6      | Reached XP level 8. HP: 57/70 MP: 7/7
  4195 | D:6      | Identified the +2 pair of gloves "Couwox" {rF++ rC+ MP+9
                  | Stlth-}
  4295 | D:6      | Reached skill level 8 in Long Blades
  4295 | D:6      | Reached skill level 1 in Stealth
  4335 | D:6      | Reached ** piety under Okawaru
  4807 | D:7      | Reached skill level 9 in Long Blades
  5046 | D:7      | Reached XP level 9. HP: 62/79 MP: 8/8
  5108 | D:7      | Reached *** piety under Okawaru
  5161 | D:7      | Found a bloodstained altar of Trog.
  5375 | D:7      | Reached skill level 10 in Long Blades
  5756 | D:8      | Noticed a rime drake
  5762 | D:8      | Killed a rime drake
  5762 | D:8      | Reached **** piety under Okawaru
  5767 | D:8      | Found a staircase to the Lair.
  5901 | D:8      | Reached skill level 11 in Long Blades
  5965 | D:8      | Identified the +5 ring mail of the Lost Path {Stlth+}
  6115 | D:8      | Found a stormy altar of Qazlal.
  6187 | D:8      | Reached XP level 10. HP: 80/88 MP: 9/9
  6223 | D:8      | Noticed Grum
  6229 | D:8      | Killed Grum
  6237 | D:8      | Reached ***** piety under Okawaru
  6472 | D:8      | Reached skill level 5 in Dodging
  6627 | D:9      | Noticed Psyche
  6642 | D:9      | Killed Psyche
  6852 | D:9      | Found a broken altar of Ashenzari.
  6874 | D:9      | Found an opulent altar of Gozag.
  6910 | D:9      | Identified a scroll of acquirement
  7260 | D:9      | Found a sparkling altar of Nemelex Xobeh.
  7343 | D:10     | Entered Level 10 of the Dungeon
  7348 | D:10     | Received a gift from Okawaru
  7458 | D:10     | Reached skill level 12 in Long Blades
  7513 | D:10     | Found a staircase to the Orcish Mines.
  7538 | D:10     | Noticed Lodul
  7727 | D:10     | Killed Lodul
  7728 | D:10     | Reached XP level 11. HP: 84/95 MP: 10/10
  8120 | D:10     | Found a hazy altar of Hepliaklqana.
  8181 | D:11     | Identified the +5 whip of Brutal Revenge {venom, Int+3
                  | Dex+2}
  8340 | D:11     | Found Wuronup's Antique Armour Shoppe.
  8356 | D:11     | Found Nupleano's Weapon Boutique.
  8488 | D:11     | Noticed a two-headed ogre
  8495 | D:11     | Killed a two-headed ogre
  8496 | D:11     | Reached skill level 10 in Shields
  8503 | D:11     | Noticed a cyan ugly thing
  8504 | D:11     | Noticed a two-headed ogre
  8526 | D:10     | Killed a two-headed ogre
  8526 | D:10     | Received a gift from Okawaru
  8532 | D:10     | Killed a cyan ugly thing
  8533 | D:10     | Reached skill level 10 in Armour
  8865 | D:11     | You fall into a shaft and drop 1 floor!
  9001 | D:12     | Noticed a purple ugly thing
  9013 | D:12     | Killed a purple ugly thing
  9014 | D:12     | Reached skill level 13 in Long Blades
  9310 | D:12     | Noticed Josephine
  9319 | D:12     | Killed Josephine
  9388 | D:12     | Received a gift from Okawaru
 10571 | Lair:1   | Entered Level 1 of the Lair of Beasts
 10574 | Lair:1   | Reached skill level 10 in Fighting
 10583 | Lair:1   | Noticed Amaemon
 10594 | Lair:1   | Killed Amaemon
 10594 | Lair:1   | HP: 4/99 [water moccasin (3)]
 10595 | Lair:1   | Reached XP level 12. HP: 4/106 MP: 11/11
 10595 | Lair:1   | Asphyxiated

Illustrated notes

Levels and vault maps discovered:
D:1:      reono_arrival_forest_river, layout_loops_ring,
          minmay_misc_feat_nine_boxes, hangedman_abyss_or_decor_stabs
D:2:      layout_loops_corners, nicolae_figureground_sparkle, uniq_natasha,
          uniq_terence
D:3:      layout_rooms
D:4:      layout_rooms, minmay_temple_entry_glassed_door, serial_park_tiny_1,
          uniq_ijyb
D:5:      layout_basic
D:6:      layout_gridville
D:7:      layout_basic, mainiacjoe_overflow_boulevard
D:8:      layout_gridville, nicolae_qazlal_general_emergency,
          hellmonk_lair_entry_icy, kennysheep_decorative_pillar, uniq_grum
D:9:      layout_loops_ring, mainiacjoe_overflow_alcove_1,
          mainiacjoe_overflow_chevrons, mainiacjoe_overflow_cross_hatched,
          chequers_mini_garden, uniq_psyche
D:10:     layout_cave_pools, general_overflow_altar, orc_0_dummy,
          nzn_life_drinkers, uniq_lodul
D:11:     layout_big_octagon, serial_shops, shop,
          nicolae_shop_bloodbath_and_beyond, grunt_ogre_cave, minivault_1
D:12:     layout_stronghold, minmay_misc_feat_chi, uniq_josephine
Temple:   nicolae_temple_bog_church
Lair:1:   layout_misc_corridors, infiniplex_staircase_pool,
          serial_bayou_shore_a, uniq_amaemon, uniq_sonja

Skill      XL: |  1  2  3  4  5  6  7  8  9 10 11 |
---------------+----------------------------------+-----
Fighting       | 4 5 6 7 8 10 | 10.2
Armour         | 4 5 6 7 8 9 10 | 10.6
Shields        | 4 5 7 9 11 | 11.2
Long Blades    | 3 4 5 6 7 9 11 12 13 | 13.5
Dodging        | 1 2 3 4 6 7 |  7.2
Stealth        | 1 |  1.7
Invocations    | |  0.2
Evocations     | |  0.5

Action                     |  1- 3 |  4- 6 |  7- 9 | 10-12 || total
---------------------------+-------+-------+-------+-------++-------
  Melee: Long sword        |    64 |   163 |   129 |   253 ||   609
         Headbutt          |    10 |    21 |    22 |    46 ||    99
 Invoke: Heroism           |       |       |       |     1 ||     1
  Evoke: Wand              |       |       |       |     3 ||     3
    Use: Scroll            |       |       |     3 |     3 ||     6
         Potion            |       |       |     2 |     3 ||     5
 Armour: Scale mail        |    29 |    12 |   135 |   115 ||   291
         Chain mail        |     7 |    92 |       |       ||    99
         Plate armour      |       |       |       |    65 ||    65
  Dodge: Dodged            |    34 |    69 |    94 |   156 ||   353
  Block: Buckler           |    10 |    40 |    32 |       ||    82
         Kite shield       |       |       |    58 |   220 ||   278
